 Dungeon Crawl Stone Soup version 0.17-a0-1123-g6d3914c (console) character file.

200 Monkaria the Skirmisher (level 5, -1/46 HPs)
             Began as a Demonspawn Chaos Knight on May 24, 2015.
             Slain by an ufetubus (3 damage)
             ... summoned by Xom
             ... on level 4 of the Dungeon.
             The game lasted 00:02:44 (1949 turns).

Monkaria the Skirmisher (Demonspawn Chaos Knight)   Turns: 1949, Time: 00:02:45

Health: -1/46      AC: 10    Str: 14    XL:     5   Next: 49%
Magic:  0/5        EV: 11    Int: 13    God:    Xom [......]
Gold:   125        SH:  0    Dex: 12    Spells: 0 memorised, 4 levels left

rFire  . . .     SeeInvis .     a - +0 falchion (chaos)
rCold  . . .     Clarity  .     b - +2 leather armour
rNeg   + . .     SustAt   .     (no shield)
rPois  .         Gourm    .     f - +0 helmet
rElec  .         Spirit   +     q - +0 cloak
rCorr  .         Warding  .     (no gloves)
rMut   .         Stasis   .     d - +0 pair of boots
MR     .....                    (no amulet)
Stlth  ++........               s - ring of positive energy
                                g - ring of stealth

@: not resistant to hostile enchantments, unstealthy
A: talons 1, yellow scales 1, magic shield
a: Renounce Religion


You were on level 4 of the Dungeon.
You worshipped Xom.
You were a very special plaything of Xom.
You were near starving.

You visited 1 branch of the dungeon, and saw 4 of its levels.

You collected 125 gold pieces.

Inventory:

Hand weapons
 a - a +0 falchion of chaos (weapon)
Missiles
 t - 18 poisoned needles
Armour
 b - a +2 leather armour (worn)
 d - a +0 pair of boots (worn)
 f - a +0 helmet (worn)
 q - a +0 cloak (worn)
Jewellery
 g - a ring of stealth (left hand)
 s - a ring of positive energy (right hand)
Scrolls
 e - 2 scrolls of teleportation {unknown}
 h - 6 scrolls of identify {unknown}
 k - a scroll of amnesia {unknown}
 l - a scroll of noise {unknown}
 o - a scroll of fog {unknown}
 p - 2 scrolls of remove curse {unknown}
 u - a scroll of fear {unknown}
Potions
 j - a potion of flight {unknown}
 m - a potion of lignification {unknown}
 n - a potion of mutation {unknown}
 r - a potion of degeneration {unknown}
Comestibles
 c - 3 bread rations
 i - a beef jerky


   Skills:
 + Level 6.2 Fighting
 - Level 2.6 Long Blades
 - Level 1.7 Armour
 - Level 0.8 Dodging


You had 4 spell levels left.
You didn't know any spells.

Dungeon Overview and Level Annotations

Branches:
Dungeon (4/15)
 Temple: D:4-7

Altars:


Innate Abilities, Weirdness & Mutations

You have sharp toenails.
You are partially covered in yellow scales (AC +2).
When hurt, damage is shared between your health and your magic reserves.


Message History

The ufetubus misses you. The ufetubus barely misses you.
You closely miss the ufetubus.
You are near starving!
The ufetubus completely misses you.
The ufetubus hits you but does no damage.
The ufetubus closely misses you. The ufetubus barely misses you.
You closely miss the ufetubus.
The ufetubus hits you but does no damage.
The ufetubus hits you.
* * * LOW HITPOINT WARNING * * *
The ufetubus closely misses you. The ufetubus hits you.
* * * LOW HITPOINT WARNING * * *
You hit the ufetubus.
The ufetubus is moderately wounded.
The ufetubus hits you but does no damage.
The ufetubus hits you.
* * * LOW HITPOINT WARNING * * *
The ufetubus hits you but does no damage.
The ufetubus hits you.
You die...

## #.. ...## ....###
#...## ######
#...###....###
#....)..>..5.######
##..#....####@.....#
# ##.####...#
#####...# ###.##
##...# .. ...##
#....# ...# .......
..## ......... ...
##....... ##.. # #.#


You could see an ufetubus.

Vanquished Creatures
  An ogre (D:4)
  The ghost of Tarnath the Chiller, an average DEIE (D:3)
  An adder (D:2)
  An ufetubus (D:4)
  A worm (D:2)
  A giant gecko (D:1)
  2 bats (D:1)
  3 giant cockroaches
  6 goblins
  5 hobgoblins
  2 jackals (D:1)
  3 quokkas
  2 ball pythons
  A giant newt (D:2)
  8 kobolds
  7 rats
45 creatures vanquished.

Notes
Turn   | Place    | Note
--------------------------------------------------------------
     0 | D:1      | Monkaria the Demonspawn Chaos Knight began the quest for the Orb.
     0 | D:1      | Reached XP level 1. HP: 18/18 MP: 1/1
   181 | D:1      | Gained mutation: When hurt, damage is shared between your health and your magic reserves. [demonic ancestry]
   181 | D:1      | Reached XP level 2. HP: 14/24 MP: 2/2
   431 | D:1      | XOM: silly message
   507 | D:1      | Reached skill level 4 in Fighting
   521 | D:1      | XOM: divination: detect creatures
   627 | D:1      | XOM: harmless Summ miscast
   884 | D:2      | Reached XP level 3. HP: 28/30 MP: 3/3
  1170 | D:2      | XOM: harmless Tloc miscast
  1485 | D:3      | Noticed Tarnath's ghost (average DEIE)
  1501 | D:3      | Killed Tarnath's ghost
  1501 | D:3      | Reached skill level 5 in Fighting
  1501 | D:3      | Gained mutation: You are partially covered in yellow scales (AC +2). [demonic ancestry]
  1501 | D:3      | Reached XP level 4. HP: 4/39 MP: 1/4
  1775 | D:3      | You fall through a shaft!
  1775 | D:4      | XOM: 10-stop teleportation journey
  1852 | D:4      | Noticed an ogre
  1860 | D:4      | XOM: butterfly on damage
  1862 | D:4      | HP: 1/39 [something (3)]
  1863 | D:4      | Killed an ogre
  1863 | D:4      | Reached skill level 6 in Fighting
  1863 | D:4      | Gained mutation: You have sharp toenails. [demonic ancestry]
  1863 | D:4      | Reached XP level 5. HP: 1/46 MP: 0/5
  1933 | D:4      | XOM: summons 2 hostile demons
  1949 | D:4      | HP: 2/46 [ufetubus[Xom] (3)]
  1949 | D:4      | Slain by an ufetubus

Vault maps used:
D:1:      tarquinn_simple_flora_water_e, minmay_misc_feat_doors,
          minmay_misc_feat_square, minivault_5, kennysheep_boxes
D:3:      nicolae_ru_great_annihilating_truth, roderic_bali_sauvastika,
          trog_wizard
D:4:      serial_shops, kennysheep_mini_moat, kennysheep_another_room

Action                   |  1- 3 |  4- 6 || total
-------------------------+-------+-------++-------
Melee: Falchion          |   148 |    19 ||   167
 Stab: Sleeping          |     5 |       ||     5
       Paralysed         |     4 |       ||     4
       Confused          |     2 |       ||     2
  Eat: Chunk             |     2 |       ||     2
